 Dungeon Crawl Stone Soup version 0.28-a0-1624-g820543e53a (webtiles) character file.

Game seed: 15700076127508351332

7 dolemite99 the Poker (level 2, 24/24 HPs)
             Began as a Merfolk Monk on Jan 23, 2022.
             Was a Believer of Sif Muna.
             Quit the game on level 1 of the Dungeon.
             The game lasted 00:00:24 (372 turns).

dolemite99 the Poker (Merfolk Monk)                  Turns: 372, Time: 00:00:25

Health: 24/24      AC:  2    Str: 11    XL:     2   Next: 0%
Magic:  2/2        EV: 13    Int:  9    God:    Sif Muna [**....]
Gold:   11         SH:  0    Dex: 16    Spells: 1/1 levels left

rFire   . . .      SeeInvis .   a - +0 spear
rCold   . . .      Faith    .   (no shield)
rNeg    . . .      Spirit   .   b - +0 robe
rPois   .          Reflect  .   (no helmet)
rElec   .          Harm     .   (no cloak)
rCorr   .          Rampage  .   (no gloves)
Will    .....                   (no boots)
Stlth   ++........              (no amulet)
HPRegen 0.08/turn               (no ring)
MPRegen 0.08/turn               (no ring)

@: no status effects
A: (nimble swimmer 2), mertail
a: Renounce Religion, Channel Magic


You were on level 1 of the Dungeon.
You worshipped Sif Muna.
Sif Muna was pleased with you.
You visited 1 branch of the dungeon, and saw 1 of its levels.

You collected 11 gold pieces.

Inventory:

Hand Weapons
 a - a +0 spear (weapon)
Armour
 b - a +0 robe (worn)
 e - a +0 ring mail
Potions
 c - a potion of flight {unknown}
 d - a potion of mutation {unknown}


   Skills:
 - Level 3.2 Fighting
 + Level 5.1 Polearms
 - Level 4.0 Dodging
 - Level 2.1 Stealth


You had one spell level left.
You didn't know any spells.
Your spell library was empty.

Dungeon Overview and Level Annotations

Branches:
Dungeon (1/15)

Altars:
Sif Muna


Innate Abilities, Weirdness & Mutations

((You are very nimble when in or above water. (Stealth+, EV+, Speed+++)))
Your lower body shifts to a powerful aquatic tail in water.


Message History

You reach to attack!
You hit the kobold.
The kobold is moderately wounded.
You hit the kobold.
The kobold is heavily wounded.
The kobold hits you with a +0 whip.
You puncture the kobold!
You kill the kobold!
Sif Muna accepts your kill.
Your Polearms skill increases to level 5!
No target in view!
No target in view!
No target in view!
No target in view!
No target in view!
No target in view!
No target in view!
No target in view!
No target in view!
No target in view!
No target in view!
No target in view!
No target in view!
No target in view!
No target in view!
No target in view!
No target in view!
No target in view!
Things that are here:
a +0 whip; a +0 short sword; a kobold corpse A kobold comes into view.
It is wielding a +0 short sword.
The kobold throws a stone.
The stone hits you.
You reach to attack!
You hit the kobold.
The kobold is moderately wounded.
You hit the kobold.
You kill the kobold!
Sif Muna accepts your kill.
You have reached level 2!
Things that are here:
a +0 short sword; 2 stones Are you sure you want to abandon this character and quit the game? (Confirm with "yes".)

# ###########
#.#.#.#.#.# .#.#.#.#.##
#.#.#)#.#.# ###########
.#.#.#.#.## ##..@.......
#.#.#.#.#.###..#########
.#.#.#.#.#....##
#.#.#)#.#.#######
.#.#.#.#.#......###
#.#.#.#.#..........
.#.#.#.#.#.......##
#.#.#.#.#..........
.#.#.#.#.#.........


There were no monsters in sight!

Vanquished Creatures
  A ball python (D:1)
  An endoplasm (D:1)
  A goblin (D:1)
  3 kobolds (D:1)
6 creatures vanquished.

Notes
Turn   | Place    | Note
-------+----------+-------------------------------------------
     0 | D:1      | dolemite99 the Merfolk Monk began the quest for the Orb.
     0 | D:1      | Reached XP level 1. HP: 18/18 MP: 1/1
     9 | D:1      | Found a faded altar of an unknown god.
    24 | D:1      | Prayed at the altar of an unknown god.
    24 | D:1      | Became a worshipper of Sif Muna the Loreminder
    24 | D:1      | Reached * piety under Sif Muna
    24 | D:1      | Reached ** piety under Sif Muna
   262 | D:1      | Reached skill level 5 in Polearms
   367 | D:1      | Reached XP level 2. HP: 23/24 MP: 2/2
   372 | D:1      | Quit the game

Illustrated notes

Levels and vault maps discovered:
D:1:      evilmike_arrival_hilbert_curve, layout_rooms, basic_ecumenical_altar,
          minivault_23

Skill      XL: |  1 |
---------------+----+-----
Polearms       | 5 |  5.1
Fighting       | |  3.2
Dodging        | |  4.0
Stealth        | |  2.1

Action                   || total
-------------------------++-------
Melee: Spear             ||    26
Armor: Robe              ||     3
Dodge: Dodged            ||     4

Table legend: (Time is in decaauts)
 A = Elapsed time spent in this place.
 B = Non-inter-level travel time spent in this place.
 C = Inter-level travel time spent in this place.
 D = Time resting spent in this place.
 E = Time spent auto-exploring this place.
 F = Levels seen in this place.
 G = Mean time per level.
                   A        B        C        D        E       F      G
               +--------+--------+--------+--------+--------+-----+--------+
         Total |    368 |    368 |      0 |      0 |    302 |   1 |  368.0 |
       Dungeon |    368 |    368 |      0 |      0 |    302 |   1 |  368.0 |
               +--------+--------+--------+--------+--------+-----+--------+

Top non-repeatable levels by time:
     D:1: 368 daAuts
